 Dungeon Crawl Stone Soup version 0.20-a0-369-g71b9d6e (webtiles) character file.

11221 Ijustatesigmund the Cleaver (level 11, 0/102 HPs)
             Began as a Hill Orc Monk on Dec 27, 2016.
             Was a High Priest of Okawaru.
             Slain by a centaur warrior zombie (5 damage)
             ... on level 11 of the Dungeon.
             The game lasted 00:35:47 (11814 turns).

Ijustatesigmund the Cleaver (Hill Orc Monk)        Turns: 11814, Time: 00:35:47

Health: 0/102      AC: 12    Str: 16    XL:     11   Next: 74%
Magic:  18/18      EV: 17    Int: 10    God:    Okawaru [*****.]
Gold:   411        SH:  0    Dex: 20    Spells: 10/10 levels left

rFire  . . .     SeeInvis .     H - +3 war axe (vamp)
rCold  . . .     Gourm    .     f - +1 ring mail
rNeg   . . .     Faith    .     (no shield)
rPois  .         Spirit   .     k - +2 helmet
rElec  .         Reflect  .     (no cloak)
rCorr  .         Harm     .     (no gloves)
MR     .....                    E - +1 pair of boots
Stlth  +++.......               (no amulet)
                                (no ring)
                                (no ring)

@: agile, about to teleport
A: no striking features
a: Heroism, Finesse, Renounce Religion


You were on level 11 of the Dungeon.
You worshipped Okawaru.
Okawaru was extremely pleased with you.
You were not hungry.

You visited 1 branch of the dungeon, and saw 11 of its levels.

You collected 667 gold pieces.
You spent 256 gold pieces at shops.

Inventory:

Hand Weapons
 a - a +1 hand axe
 i - the +8 arbalest of Geommutz {penet, +Fly rF+ SInv Stlth+}
   (You found it on level 6 of the Dungeon)

   Ammo fired by it will pass through the targets it hits, potentially hitting
   all targets in its path until it reaches maximum range.
   It protects you from fire.
   It lets you see invisible.
   It lets you fly.
   It makes you more stealthy.
 H - a +3 vampiric war axe (weapon)
 J - a +0 broad axe
Missiles
 w - 2 poisoned tomahawks (quivered)
 z - 120 bolts
Armour
 f - a +1 ring mail (worn)
 k - a +2 helmet (worn)
 u - a +0 shield
 E - a +1 pair of boots (worn)
Jewellery
 v - an uncursed ring of wizardry
 S - the ring of Umemorr {Int+4 Stlth+, unknown}
   (You took it off an orc on level 10 of the Dungeon)

   [ring of intelligence]

   It affects your intelligence (+4).
   It makes you more stealthy.
Wands
 g - a wand of flame (22/48)
 r - a wand of slowing (36/48)
 F - a wand of paralysis (7/24)
 K - a wand of polymorph (12/24)
 M - a wand of flame (14/48)
 O - a wand of disintegration (19/24)
 P - a wand of enslavement (10/24)
Scrolls
 d - 6 scrolls of remove curse
 j - 3 scrolls of amnesia
 l - 2 scrolls of teleportation
 n - 3 scrolls of magic mapping
 o - 2 scrolls of identify
 G - 3 scrolls of fog
 R - a scroll of enchant armour
Potions
 b - 3 potions of magic
 e - 2 potions of flight
 h - 3 potions of brilliance
 q - 4 potions of curing
 s - a potion of haste {unknown}
 t - 3 potions of agility
 x - a potion of cancellation {unknown}
 A - 2 potions of lignification {unknown}
 B - a potion of berserk rage
 C - a potion of resistance {unknown}
 D - a potion of invisibility {unknown}
 N - 2 potions of might
Books
 m - a book of Clouds

   Spells                             Type                      Level
   a - Mephitic Cloud                 Conjuration/Poison/Air       3
   b - Conjure Flame                  Conjuration/Fire             3
   c - Poisonous Cloud                Conjuration/Poison/Air       5
   d - Freezing Cloud                 Conjuration/Ice/Air          6
   e - Ring of Flames                 Charms/Fire                  7
 I - a book of Misfortune

   Spells                             Type                      Level
   a - Confusing Touch                Hexes                        1
   b - Confuse                        Hexes                        3
   c - Gell's Gravitas                Hexes/Translocation          3
   d - Petrify                        Transmutation/Earth          4
   e - Metabolic Englaciation         Hexes/Ice                    5
   f - Yara's Violent Unravelling     Hexes/Transmutation          5
 Q - a book of Cantrips

   Spells                             Type                      Level
   a - Confusing Touch                Hexes                        1
   b - Animate Skeleton               Necromancy                   1
   c - Summon Small Mammal            Summoning                    1
   d - Apportation                    Translocation                1
Comestibles
 c - 3 bread rations
 L - a meat ration


   Skills:
 - Level 11.1 Fighting
 - Level 13.1 Axes
 - Level 6.3 Crossbows
 + Level 4.1 Armour
 + Level 2.7 Dodging
 - Level 1.5 Stealth
 - Level 5.1 Shields
 - Level 10.5 Invocations


You had 10 spell levels left.
You didn't know any spells.

Dungeon Overview and Level Annotations

Branches:
Dungeon (11/15)            Temple (0/1) D:6            Lair (0/6) D:8
    Orc (0/2) D:10

Altars:
Ashenzari
Cheibriados
Elyvilon
Gozag
Kikubaaqudgha
Makhleb
Nemelex Xobeh
Okawaru
Ru
Zin
The Shining One
Beogh

Shops:
D:8 (   D:9 %


Message History

You slash the freezing wraith! You hit the centaur warrior zombie.
Something hits you but does no damage.
The centaur warrior zombie hits you but does no damage.
The freezing wraith hits you. The freezing wraith freezes you!!
* * * LOW HITPOINT WARNING * * *
The freezing wraith misses you. Something hits you!
* * * LOW HITPOINT WARNING * * *
As you read the scroll of teleportation, it crumbles to dust.
You feel strangely unstable. Something hits you but does no damage.
The centaur warrior zombie barely misses you.
The gargoyle hurls a stone arrow at you.
The stone arrow hits you!
* * * LOW HITPOINT WARNING * * *
The freezing wraith hits you but does no damage. x2
The centaur warrior zombie hits you but does no damage.
You feel agile all of a sudden. Something hits you but does no damage.
Something hits you.
* * * LOW HITPOINT WARNING * * *
The gargoyle completely misses you. The centaur warrior zombie hits you.
You die...

........................
........................
........................
..........>.............
.......................#
..........†............#
...............!.......#
.....>...###+###ZW......
.........# +@X......
.........# #9.......
########.# #........ #
#.# #.....### # #.#
#.....# # #.# #.....# #
#$....# # #.....# #


You could see a large abomination, a freezing wraith, a gargoyle and a centaur
warrior zombie.

Vanquished Creatures
  A hydra (D:10)
  A two-headed ogre (D:10)
  A wizard (D:11)
  Pikel (D:7)
  An ugly thing (D:10)
  Maurice (D:10)
  3 large abominations (D:11)
  2 trolls (D:10)
  A hippogriff (D:10)
  A wyvern (D:4)
  A yak (D:9)
  Grum (D:9)
  A hungry ghost (D:11)
  Duvessa (D:6)
  A water moccasin (D:10)
  2 hell hounds (D:8)
  2 ice beasts
  6 orc warriors
  2 phantoms
  4 sky beasts
  2 black bears
  A slave (D:7)
  3 ogres
  4 wolves (D:9)
  3 centaurs
  A big kobold (D:11)
  The ghost of DEFE the Sneak, an amateur VSAs (D:3)
  4 bullfrogs
  6 small abominations (D:11)
  Dowan (D:6)
  A wyvern skeleton (D:8)
  A water moccasin zombie (D:10)
  2 scorpions
  9 killer bees
  3 crimson imps
  2 centaur zombies
  2 bullfrog zombies
  9 hounds
  4 jellies
  10 orc wizards
  2 centaur skeletons
  7 orc priests
  Jessica (D:3)
  3 bullfrog skeletons
  An iguana (D:9)
  Natasha (thrice) (D:3)
  7 worker ants
  2 hound zombies
  A howler monkey zombie (D:9)
  7 gnolls
  18 adders
  A shadow imp (D:5)
  An ooze (D:3)
  A worm (D:2)
  A dart slug (D:1)
  9 leopard geckos
  46 orcs
  10 giant cockroaches
  A goblin (D:2)
  9 hobgoblins
  5 jackals
  6 quokkas
  2 ball pythons
  11 bats
  6 frilled lizards
  A goblin skeleton (D:4)
  3 hobgoblin zombies (D:4)
  13 kobolds
  A kobold zombie (D:4)
  A leopard gecko zombie (D:8)
  An orc skeleton (D:4)
  An orc zombie (D:4)
  10 rats
295 creatures vanquished.

Vanquished Creatures (others)
  An iguana (D:7)
1 creature vanquished.

Grand Total: 296 creatures vanquished

Notes
Turn   | Place    | Note
-------+----------+-------------------------------------------
     0 | D:1      | Ijustatesigmund the Hill Orc Monk began the quest for the Orb.
     0 | D:1      | Reached XP level 1. HP: 19/19 MP: 1/1
    83 | D:1      | Reached XP level 2. HP: 24/27 MP: 2/2
   516 | D:1      | Reached XP level 3. HP: 33/33 MP: 3/3
   555 | D:1      | Reached skill level 5 in Axes
   805 | D:2      | Found a shattered altar of Ashenzari.
  1034 | D:2      | Reached XP level 4. HP: 32/41 MP: 4/4
  1510 | D:2      | Reached skill level 6 in Axes
  1667 | D:3      | Noticed Natasha
  1677 | D:3      | Killed Natasha
  1838 | D:3      | Noticed DEFE's ghost (amateur VSAs)
  1860 | D:3      | Killed DEFE's ghost
  1860 | D:3      | Reached skill level 5 in Fighting
  1860 | D:3      | Reached skill level 7 in Axes
  1860 | D:3      | Reached XP level 5. HP: 27/48 MP: 5/5
  1946 | D:3      | Reached skill level 1 in Armour
  1946 | D:3      | Reached XP level 6. HP: 21/56 MP: 6/6
  2060 | D:3      | Noticed Natasha
  2494 | D:3      | Found a sacrificial altar of Ru.
  2522 | D:3      | Noticed Jessica
  2534 | D:3      | Killed Jessica
  2591 | D:3      | Killed Natasha
  2624 | D:3      | Noticed Natasha
  2842 | D:3      | Killed Natasha
  3339 | D:4      | Found an iron altar of Okawaru.
  3347 | D:4      | Became a worshipper of Warmaster Okawaru
  3347 | D:4      | Reached * piety under Okawaru
  3347 | D:4      | Reached ** piety under Okawaru
  3371 | D:4      | Reached skill level 8 in Axes
  3371 | D:4      | Reached XP level 7. HP: 52/62 MP: 7/7
  3427 | D:4      | Found a glowing golden altar of the Shining One.
  3942 | D:5      | Entered Level 5 of the Dungeon
  4166 | D:5      | Noticed a wyvern
  4201 | D:4      | Reached skill level 1 in Shields
  4427 | D:4      | Killed a wyvern
  4427 | D:4      | Reached XP level 8. HP: 14/71 MP: 6/8
  4954 | D:5      | Found a shattered altar of Ashenzari.
  5285 | D:6      | Reached skill level 1 in Invocations
  5289 | D:6      | Noticed Duvessa
  5290 | D:6      | Noticed Dowan
  5314 | D:6      | Killed Duvessa
  5317 | D:6      | Reached skill level 5 in Shields
  5926 | D:6      | Reached skill level 9 in Axes
  5949 | D:6      | You fall through a shaft for 2 floors!
  5949 | D:8      | Found a burning altar of Makhleb.
  6112 | D:8      | Found a staircase to the Lair.
  6420 | D:6      | Found a staircase to the Ecumenical Temple.
  6512 | D:6      | Reached XP level 9. HP: 78/79 MP: 12/12
  6653 | D:6      | Killed Dowan
  6787 | D:6      | Got an ancient arbalest
  6794 | D:6      | Identified the +8 arbalest of Geommutz {penet, +Fly rF+ SInv Stlth+} (You found it on level 6 of the Dungeon)
  6846 | D:6      | Found a snail-covered altar of Cheibriados.
  7092 | D:6      | Reached skill level 5 in Invocations
  7248 | D:7      | Reached skill level 1 in Crossbows
  7296 | D:7      | Reached *** piety under Okawaru
  7431 | D:7      | Noticed Pikel
  7456 | D:7      | Killed Pikel
  7456 | D:7      | Received a gift from Okawaru
  7456 | D:7      | Reached skill level 10 in Axes
  7610 | D:7      | Found a glowing silver altar of Zin.
  7805 | D:8      | Received a gift from Okawaru
  7852 | D:8      | Found Ummewev's Antique Weapon Shop.
  7875 | D:8      | Bought a glowing war axe for 256 gold pieces
  7952 | D:8      | Found a sparkling altar of Nemelex Xobeh.
  8072 | D:8      | Reached XP level 10. HP: 63/90 MP: 15/15
  8384 | D:8      | Reached **** piety under Okawaru
  8389 | D:8      | Reached skill level 11 in Axes
  8567 | D:8      | Found an opulent altar of Gozag.
  8857 | D:9      | Noticed Grum
  8867 | D:9      | Killed Grum
  9089 | D:9      | Found an ancient bone altar of Kikubaaqudgha.
  9126 | D:9      | Found a white marble altar of Elyvilon.
  9342 | D:9      | Found Kec Kew's Food Emporium.
  9567 | D:10     | Entered Level 10 of the Dungeon
  9925 | D:10     | Noticed a two-headed ogre
  9931 | D:10     | Killed a two-headed ogre
  9931 | D:10     | Received a gift from Okawaru
  9931 | D:10     | Reached skill level 12 in Axes
 10271 | D:10     | Noticed a white ugly thing
 10277 | D:10     | Killed a white ugly thing
 10277 | D:10     | Reached ***** piety under Okawaru
 10277 | D:10     | Reached skill level 10 in Fighting
 10277 | D:10     | Reached skill level 5 in Crossbows
 10318 | D:10     | Noticed Maurice
 10342 | D:10     | Reached XP level 11. HP: 90/100 MP: 17/17
 10351 | D:10     | Killed Maurice
 10351 | D:10     | Received a gift from Okawaru
 10577 | D:10     | Found a roughly hewn altar of Beogh.
 10577 | D:10     | Found a staircase to the Orcish Mines.
 10700 | D:10     | Got a shimmering silver ring
 10955 | D:10     | Received a gift from Okawaru
 11019 | D:10     | Noticed a four-headed hydra
 11027 | D:10     | Killed a four-headed hydra
 11027 | D:10     | Reached skill level 10 in Invocations
 11292 | D:11     | Noticed a wizard
 11294 | D:11     | Killed a wizard
 11305 | D:11     | Noticed a large abomination
 11314 | D:11     | Killed a large abomination
 11314 | D:11     | Reached skill level 13 in Axes
 11315 | D:11     | Received a gift from Okawaru
 11814 | D:11     | HP: 5/102 [something (6)]
 11814 | D:11     | Slain by a centaur warrior zombie

Vault maps used:
D:1:      dpeg_arrival_connections
D:2:      nicolae_overflow_crystal_walls
D:3:      nicolae_ru_awakened_eye, uniq_natasha, uniq_jessica
D:4:      nicolae_tso_besieged_by_evil, old_standard_altar
D:5:      first_bread, minmay_misc_feat_cross, minivault_26,
          nicolae_ashenzari_panopticon
D:6:      lemuel_doored_altar, st_stairs_7, uniq_duvessa
D:7:      kennysheep_mini_moat, corexii_item_surrounded_by_moat, uniq_pikel
D:8:      kennysheep_mini, nemelex_xobeh_ov_fountains_minmay,
          lemuel_coloured_pillars_altar, minmay_lair_entry_lava, serial_shops,
          shop
D:9:      elyvilon_altar_5, kiku_gazebo_garden_becter, serial_shops,
          shop_statue, uniq_grum
D:10:     david_orc_5, uniq_maurice
D:11:     laboratory

Skill      XL: |  1  2  3  4  5  6  7  8  9 10 11 |
---------------+----------------------------------+-----
Fighting       | 4 5 6 7 8 10 11 | 11.1
Axes           | 5 7 8 9 10 12 13 | 13.1
Armour         | 1 2 3 4 |  4.1
Shields        | 3 5 |  5.1
Invocations    | 4 7 9 10 | 10.5
Crossbows      | 3 5 6 |  6.3
Dodging        | |  2.7
Stealth        | |  1.5

Action                   |  1- 3 |  4- 6 |  7- 9 | 10-12 || total
-------------------------+-------+-------+-------+-------++-------
Melee: Hand axe          |   123 |   250 |   495 |       ||   868
       War axe           |       |       |    41 |    52 ||    93
 Fire: Arbalest          |       |       |    15 |   240 ||   255
Throw: Tomahawk          |       |       |     5 |     1 ||     6
Invok: Heroism           |       |       |     8 |       ||     8
Evoke: Wand              |       |       |     5 |       ||     5
  Use: Scroll            |     4 |     4 |     9 |     4 ||    21
       Potion            |       |     3 |     5 |     2 ||    10
 Stab: Sleeping          |     1 |       |     2 |       ||     3
  Eat: Chunk             |       |     6 |     8 |     4 ||    18
       Pizza             |       |     2 |     2 |       ||     4
       Beef jerky        |       |       |     3 |     3 ||     6
       Fruit             |       |       |     1 |     2 ||     3
       Meat ration       |       |       |     1 |       ||     1
       Bread ration      |       |       |       |     2 ||     2
Armor: Robe              |     8 |       |       |       ||     8
       Ring mail         |    35 |    91 |   165 |    82 ||   373
Dodge: Dodged            |    82 |   137 |   217 |   117 ||   553
Block: Shield            |       |       |   150 |       ||   150
